 Dungeon Crawl Stone Soup version 0.29.1-1-gd02db6906a (webtiles) character file.

Game seed: 11917818354508243158

15 Earthwalker the Trooper (level 2, -1/27 HPs)
             Began as a Minotaur Abyssal Knight on Oct 7, 2022.
             Frozen to death by an endoplasm (2 damage)
             ... on level 2 of the Dungeon.
             The game lasted 00:02:14 (290 turns).

Earthwalker the Trooper (Minotaur Abyssal Knight)    Turns: 290, Time: 00:02:15

Health: -1/27      AC:  3    Str: 17    XL:     2   Next: 34%
Magic:  2/2        EV: 11    Int:  7    God:
Gold:   15         SH:  0    Dex: 10    Spells: 1/1 levels left

rFire   . . .      SeeInvis .   a - +1 spear
rCold   . . .      Faith    .   (no shield)
rNeg    . . .      Spirit   .   b - +0 leather armour
rPois   .          Reflect  .   (helmet restricted)
rElec   .          Harm     .   (no cloak)
rCorr   .          Rampage  .   (no gloves)
Will    .....                   (no boots)
Stlth   +.........              (no amulet)
HPRegen 0.09/turn               (no ring)
MPRegen 0.08/turn               (no ring)

@: no status effects
A: horns 2, retaliatory headbutt
a: no special abilities


You were on level 2 of the Dungeon.
You visited 1 branch of the dungeon, and saw 2 of its levels.
You visited the Abyss 1 time.

You collected 15 gold pieces.

Inventory:

Hand Weapons
 a - a +1 spear (weapon)
Armour
 b - a +0 leather armour (worn)
Potions
 c - a potion of flight {unknown}
 d - a potion of attraction {unknown}


   Skills:
 + Level 4.0 Fighting
 * Level 2.6 Polearms
 * Level 2.9 Armour
 * Level 1.4 Dodging
 + Level 1.7 Invocations


You had one spell level left.
You didn't know any spells.
Your spell library was empty.

Dungeon Overview and Level Annotations

Branches:
Dungeon (2/15)

Altars:


Innate Abilities, Weirdness & Mutations

You have a pair of horns on your head.
You reflexively headbutt those who attack you in melee.


Message History

The endoplasm attacks as you move away! The endoplasm misses you.
A giant cockroach comes into view.
The endoplasm barely misses you. The giant cockroach barely misses you.
Unknown command.
You barely miss the giant cockroach. The endoplasm freezes you.
You are frozen.
The giant cockroach closely misses you. You furiously retaliate!
You headbutt the giant cockroach. You hit the giant cockroach.
You kill the giant cockroach!
The endoplasm freezes you.
You are frozen.
The endoplasm hits you. The endoplasm freezes you.
You are frozen.
The endoplasm freezes you.
You are frozen.
* * * LOW HITPOINT WARNING * * *
The endoplasm attacks as you move away! The endoplasm hits you.
* * * LOW HITPOINT WARNING * * *
The endoplasm attacks as you move away!
The endoplasm hits you but does no damage.
The endoplasm attacks as you move away! The endoplasm barely misses you.
The endoplasm attacks as you move away! The endoplasm barely misses you.
The endoplasm jiggles.
The endoplasm hits you but does no damage.
The endoplasm attacks as you move away!
The endoplasm hits you but does no damage.
The endoplasm freezes you.
You are frozen.
* * * LOW HITPOINT WARNING * * *
The endoplasm attacks as you move away! The endoplasm hits you.
* * * LOW HITPOINT WARNING * * *
The endoplasm barely misses you.
The endoplasm hits you but does no damage.
The endoplasm hits you but does no damage.
The endoplasm freezes you.
You are frozen.
You die...

.#.#.#...#.#.#.##
...#...⌠...#...##
#.#.#...#.#.#.##
#...##.##...#..#
.#.......#.#.##
#...##.###.##...#
#.#...........#.#
..##.###J###.##..#
#......@........##
##.###.###.###.##
###########


You could see an endoplasm.

Vanquished Creatures
  2 endoplasms
  3 giant cockroaches
  A quokka (D:1)
  A ball python (D:1)
  2 frilled lizards (D:1)
  3 goblins
  2 kobolds
14 creatures vanquished.

Notes
Turn   | Place    | Note
-------+----------+-------------------------------------------
     0 | Abyss:1  | Earthwalker the Minotaur Abyssal Knight began the quest for
                  | the Orb.
     0 | Abyss:1  | Reached XP level 1. HP: 19/19 MP: 1/1
     1 | D:1      | Escaped the Abyss
   151 | D:1      | Reached XP level 2. HP: 27/27 MP: 2/2
   152 | D:1      | Reached skill level 4 in Fighting
   152 | D:1      | Fell from the grace of Lugonu
   286 | D:2      | HP: 1/27 [endoplasm (1)]
   290 | D:2      | Frozen to death by an endoplasm

Illustrated notes

Levels and vault maps discovered:
D:1:      giann_forest_graveyard, layout_basic
D:2:      layout_rooms, nicolae_concentric_dashed_squares_wild

Skill      XL: |  1  2 |
---------------+-------+-----
Fighting       | 4 |  4.0
Polearms       | |  2.6
Armour         | |  2.9
Dodging        | |  1.4
Invocations    | |  1.7

Action                   || total
-------------------------++-------
Melee: Spear             ||    20
       Headbutt          ||     6
Invok: Renounce Religion ||     1
Armor: Leather armour    ||    11
Dodge: Dodged            ||    33
